 Dungeon Crawl Stone Soup version 0.27.0-1-g7a089689b8 (webtiles) character file.

Game seed: 857943491000148789

93 PentaManta the Covert (level 4, 33/33 HPs)
             Began as a Vampire Brigand on Aug 17, 2021.
             Safely got out of the dungeon.
             The game lasted 00:02:56 (1618 turns).

PentaManta the Covert (Vampire Brigand)             Turns: 1618, Time: 00:02:56

Health: 33/33      AC:  3    Str: 10    XL:     4   Next: 37%
Magic:  4/4        EV: 12    Int: 13    God:
Gold:   87         SH:  0    Dex: 16    Spells: 3/3 levels left

rFire    . . .     SeeInvis +   a - +2 dagger
rCold    . . .     Faith    .   (no shield)
rNeg     . . .     Spirit   .   b - +0 robe
rPois    .         Reflect  .   (no helmet)
rElec    .         Harm     .   c - +0 cloak
rCorr    .         Rampage  .   (no gloves)
Will     .....                  (no boots)
Stlth    ++++......             (no amulet)
HPRegen  0.31/turn              (no ring)
MPRegen  0.09/turn              (no ring)

@: healing quickly
A: alive, fangs 3, see invisible, vampiric 2
a: Exsanguinate


You escaped.
You visited 1 branch of the dungeon, and saw 2 of its levels.

You collected 87 gold pieces.

Inventory:

Hand Weapons
 a - a +2 dagger (weapon)
 g - a +0 hunting sling
Missiles
 d - 7 poisoned darts (quivered)
 e - 2 curare-tipped darts
 l - 9 stones
Armour
 b - a +0 robe (worn)
 c - a +0 cloak (worn)
 n - a +0 scale mail
 p - a +0 leather armour
Scrolls
 i - a scroll of identify {unknown}
 j - a scroll of teleportation {unknown}
Potions
 f - a potion of magic {unknown}
 h - a potion of brilliance {unknown}
 k - 2 potions of might {unknown}
 m - a potion of lignification {unknown}
 o - a potion of flight {unknown}


   Skills:
 - Level 1.7 Fighting
 - Level 2.1 Short Blades
 - Level 1.5 Throwing
 - Level 1.1 Dodging
 + Level 9.0 Stealth


You had 3 spell levels left.
You didn't know any spells.
Your spell library contained the following spells:

 Spells                   Type           Power      Damage    Failure   Level
 Animate Skeleton         Necr           0%         N/A       30%         1
 Foxfire                  Conj/Fire      0%         2x1d4     30%         1
 Conjure Flame            Conj/Fire      0%         6-21      67%         3
 Inner Flame              Hex/Fire       0%         N/A       67%         3
 Lehudib's Crystal Spear  Conj/Erth      0%         10d2      100%        8
 Borgnjor's Revivificati  Necr           Unusable   N/A       N/A         8

Dungeon Overview and Level Annotations

Branches:
Dungeon (2/15)

Altars:

Shops:
D:2 [


Innate Abilities, Weirdness & Mutations

Your natural rate of healing is accelerated.
You have razor-sharp teeth.
You have supernaturally acute eyesight. (SInv)
You are afflicted with vampirism and can become a bat while bloodless.


Message History

No target in view!
No target in view!
No target in view!
l - 9 stones (gained 5)
You see here a +0 whip.
You now have 87 gold pieces (gained 11).
Found a dagger.
You open the door.
Found Dyhig's Armour Emporium.
There is an open door here.
There is an entrance to Dyhig's Armour Emporium here.
As you open the door, it creaks loudly!
An endoplasm comes into view.
The endoplasm quivers.
An endoplasm is nearby!
An endoplasm is nearby!
You hit the endoplasm.
The endoplasm is heavily wounded.
The endoplasm freezes you.
You are frozen.
You hit the endoplasm.
You kill the endoplasm!
No target in view!
No target in view!
Found a mace.
There is an open door here.
There is a stone staircase leading up here.
You climb upwards.
There is a stone staircase leading down here.
There is an open door here.
There is an open door here.
There is a stone staircase leading down here.
There is an open door here.
You open the door.
There is an open door here.
There is an open door here.
There is an open door here.
There is a staircase leading out of the dungeon here.
Are you sure you want to leave the Dungeon?
This will make you lose the game!
You have escaped!

♣.♣.♣♣...♣♣.♣.♣
♣♣.♣.♣.♣♣.8♣.♣.♣♣
♣8.♣.♣.♣8.♣♣.♣.8♣
♣♣.♣.♣.♣♣....♣.♣♣
♣.♣.♣♣..♣♣♣8♣.♣
♣.♣♣.♣♣...♣♣♣.♣
####♣♣.♣♣.♣♣♣♣...♣♣#########
#....♣♣.♣♣...♣♣8♣♣.........#
#.....♣♣.♣♣♣.@♣♣♣.########.#
#......♣♣..♣♣♣♣♣..# #.#
#.....##..........# #.#
#.....####...#....# #.#
####.### #........# #.#
#.....# ######.### #.#
#.##..# #.# #.# #.##..#
##'## #.# #.##..# ##...##
#.###


There were no monsters in sight!

Vanquished Creatures
  Jessica (D:2)
  An adder (D:2)
  3 worms (D:2)
  3 dart slugs
  5 orcs (D:2)
  3 bats (D:1)
  2 endoplasms
  2 giant cockroaches
  A goblin (D:1)
  2 hobgoblins
  3 jackals (D:1)
  A quokka (D:1)
  5 ball pythons
  3 frilled lizards
  2 kobolds (D:2)
  4 rats
41 creatures vanquished.

Notes
Turn   | Place    | Note
-------+----------+-------------------------------------------
     0 | D:1      | PentaManta the Vampire Brigand began the quest for the Orb.
     0 | D:1      | Reached XP level 1. HP: 16/16 MP: 1/1
    91 | D:1      | Reached skill level 6 in Stealth
   202 | D:1      | Got Sif Muna's Handbook of Dusty Unholy Rituals
   303 | D:1      | Reached XP level 2. HP: 22/22 MP: 2/2
   469 | D:1      | Reached skill level 7 in Stealth
   804 | D:2      | Found a faded altar of an unknown god.
   827 | D:2      | Gained mutation: You are afflicted with vampirism and can
                  | become a bat while bloodless. [Vampire growth]
   827 | D:2      | Reached XP level 3. HP: 27/27 MP: 3/3
   980 | D:2      | Noticed Jessica
   987 | D:2      | Killed Jessica
   988 | D:2      | Reached skill level 8 in Stealth
  1054 | D:2      | Reached XP level 4. HP: 33/33 MP: 4/4
  1115 | D:2      | HP: 1/33 [orc (5)]
  1306 | D:2      | Reached skill level 9 in Stealth
  1444 | D:2      | Found Dyhig's Armour Emporium.
  1618 | D:$      | Safely got out of the dungeon.

Illustrated notes

Levels and vault maps discovered:
D:1:      nagdon_arrival_double_spiral, layout_loops_corners
D:2:      layout_loops_ring, basic_altar, serial_shops,
          nicolae_shop_behind_doors, hellmonk_ecumenical_altar_crossroads,
          minmay_pentomino_v4, uniq_natasha, uniq_jessica

Skill      XL: |  1  2  3  4 |
---------------+-------------+-----
Stealth        | 6 7 8 9 |  9.0
Fighting       | |  1.7
Short Blades   | |  2.1
Throwing       | |  1.5
Dodging        | |  1.1

Action                   |  1- 3 |  4- 6 || total
-------------------------+-------+-------++-------
Melee: Dagger            |    54 |    51 ||   105
       Bite              |     4 |     1 ||     5
Throw: Dart              |       |     2 ||     2
 Stab: Sleeping          |    19 |     1 ||    20
Armor: Robe              |    11 |     3 ||    14
Dodge: Dodged            |    19 |    18 ||    37
